 Dungeon Crawl Stone Soup version 0.21.1-1-g345015fe64 (webtiles) character file.

119519 Oravi the Black Belt (level 16, -6/113 HPs)
             Began as a Merfolk Transmuter on Apr 28, 2018.
             Was the Champion of Qazlal.
             Killed by the raging water
             ... invoked by a water nymph
              (19 damage)
             ... on level 1 of the Shoals on Apr 29, 2018.
             The game lasted 04:00:58 (30858 turns).

Oravi the Black Belt (Merfolk Transmuter)          Turns: 30858, Time: 04:00:59

Health: -6/113     AC:  8    Str: 11    XL:     16   Next: 79%
Magic:  21/24      EV: 37    Int: 19    God:    Qazlal [******]
Gold:   2315       SH: 10    Dex: 19    Spells: 0/21 levels left

rFire    . . .     SeeInvis .     - Unarmed
rCold    . . .     Gourm    .   (shield currently unavailable)
rNeg     . . .     Faith    .   (armour currently unavailable)
rPois    x         Spirit   .   (helmet currently unavailable)
rElec    .         Reflect  +   (cloak currently unavailable)
rCorr    .         Harm     .   (gloves currently unavailable)
MR       +....                  (boots currently unavailable)
Stlth    +.........             D - +2 amulet of reflection
HPRegen  0.28/turn              m - +3 ring of protection
MPRegen  0.19/turn              w - +4 ring of slaying

@: spider-form, protected from physical damage, repel missiles, very slow
A: tiny, (change form in water), (swift swim), (stealthy swim)
a: End Transformation, Upheaval, Elemental Force, Disaster Area, Renounce
Religion


You were on level 1 of the Shoals.
You worshipped Qazlal.
Qazlal was exalted by your worship.
You were not hungry.
You were a venomous arachnid creature.
You visited 5 branches of the dungeon, and saw 26 of its levels.
You also visited: Ossuary, Bailey and Volcano.

You collected 2875 gold pieces.
You spent 560 gold pieces at shops.

Inventory:

Missiles
 s - 2 throwing nets (quivered)
Armour
 k - a +3 leather armour of cold resistance
 n - a +3 leather armour of fire resistance (melded)
 y - a +0 pair of boots (melded)
 z - a +1 cloak
 H - a +1 hat (melded)
 P - a +2 robe of magic resistance
 Z - the +2 cloak "Cucveacota" (melded) {Regen+}
   (You found it on level 11 of the Dungeon)

   It increases your rate of regeneration.
Magical Staves
 u - an uncursed staff of poison
 K - an uncursed staff of cold (melded)
Jewellery
 f - an uncursed ring of protection from magic
 m - a +3 ring of protection (left front leg)
 w - a +4 ring of slaying (right front leg)
 B - an uncursed ring of see invisible
 D - a +2 amulet of reflection (around neck)
 F - an uncursed ring of flight
 Q - an uncursed ring of fire
Wands
 b - a wand of polymorph (22)
 c - a wand of iceblast (7)
 C - a wand of paralysis (10)
 E - a wand of digging (28)
 T - a wand of disintegration (17)
Scrolls
 g - 7 scrolls of identify
 h - 4 scrolls of teleportation
 r - 9 scrolls of remove curse
 t - 6 scrolls of immolation
 J - 2 scrolls of amnesia
 L - 3 scrolls of fear
 U - a scroll of magic mapping
 X - 3 scrolls of fog
Potions
 a - a potion of agility
 e - 4 potions of brilliance
 i - 5 potions of curing
 j - 4 potions of lignification
 o - 7 potions of ambrosia
 p - 10 potions of berserk rage
 v - 3 potions of haste
 x - a potion of mutation
 A - a potion of invisibility
 M - a potion of magic
 N - 2 potions of flight
 O - 2 potions of might
 V - 3 potions of cancellation
 Y - 4 potions of resistance
Books
 l - a book of Ice

   Spells                             Type                      Level
   a - Ice Form                       Ice/Transmutation            4
   b - Metabolic Englaciation         Hexes/Ice                    5
   c - Ozocubu's Refrigeration        Ice                          6
   d - Bolt of Cold                   Conjuration/Ice              6
   e - Freezing Cloud                 Conjuration/Ice/Air          6
   f - Simulacrum                     Ice/Necromancy               6
 q - a book of Frost

   Spells                             Type                      Level
   a - Freeze                         Ice                          1
   b - Throw Frost                    Conjuration/Ice              2
   c - Ozocubu's Armour               Charms/Ice                   3
   d - Throw Icicle                   Conjuration/Ice              4
   e - Summon Ice Beast               Ice/Summoning                4
 G - a book of Transfigurations

   Spells                             Type                      Level
   a - Irradiate                      Conjuration/Transmutation    5
   b - Statue Form                    Transmutation/Earth          6
   c - Hydra Form                     Transmutation                6
   d - Dragon Form                    Transmutation                7
Comestibles
 d - 30 rations


   Skills:
 - Level 6.9 Fighting
 + Level 17.5 Dodging
 - Level 20.0 Unarmed Combat
 - Level 3.0 Spellcasting
 + Level 2.9 Charms
 + Level 14.0 Transmutations
 - Level 6.0 Ice Magic
 - Level 3.0 Poison Magic
 + Level 10.8 Invocations


You couldn't memorise any spells.
You knew the following spells:

 Your Spells              Type           Power        Failure   Level  Hunger
a - Spider Form           Tmut/Pois      #####.....   6%          3    ###....
b - Ice Form              Ice/Tmut       #####...     9%          4    ####...
c - Blade Hands           Tmut           ######....   6%          5    ######.
d - Hydra Form            Tmut           ######....   19%         6    #######
f - Ozocubu's Armour      Chrm/Ice       ###.....     19%         3    ###....


Dungeon Overview and Level Annotations

Branches:
Dungeon (15/15)            Temple (1/1) D:5            Lair (6/6) D:9
 Shoals (2/4) Lair:3        Snake (0/4) Lair:3        Slime (0/5) Lair:5
    Orc (2/2) D:10            Elf (0/3) Orc:2        Vaults (0/5) D:13
 Depths (0/5) D:15

Altars:
Ashenzari
Cheibriados
Dithmenos
Elyvilon
Fedhas
Gozag
Hepliaklqana
Kikubaaqudgha
Makhleb
Nemelex Xobeh
Okawaru
Qazlal
Ru
Sif Muna
Trog
Uskayaw
Vehumet
Wu Jian
Xom
Yredelemnul
Zin
The Shining One

Shops:
Orc:2 %::(?   Shoals:2 ?

Annotations:
D:7 2 head
Lair:3 exclusion: 4 oklob plants


Message History

Your legs become a tail as you dive into the water.
Your +0 pair of boots melds into your body.
You block the water nymph's attack.
Casting: Spider Form
Confirm with . or Enter, or press ? or * to list all spells.
Your +0 pair of boots unmelds from your body.
You turn into a venomous arachnid creature.
Your uncursed staff of cold melds into your body.
The +2 cloak "Cucveacota" {Regen+} melds into your body.
Your +1 hat melds into your body.
Your +0 pair of boots melds into your body.
Your +3 leather armour of fire resistance melds into your body.
You feel less resistant to fire.
The water nymph gestures at you while chanting.
The water swirls and strikes you!
* * * LOW HITPOINT WARNING * * *
Your unstable footing causes you to fumble your attack.
The water nymph points at you and mumbles some strange words.
The water swirls and strikes you!
You die...

≈≈≈≈≈≈≈≈≈≈≈≈≈≈≈≈≈≈≈≈≈≈≈≈≈≈≈≈≈≈≈≈≈
..≈≈≈≈≈≈≈≈≈≈≈≈≈≈≈≈≈≈≈≈≈≈≈≈≈≈≈≈≈≈≈
..≈≈≈≈≈≈≈P≈≈≈≈≈≈≈≈≈≈≈≈≈≈≈≈≈≈≈≈≈≈≈
≈≈≈≈≈...P≈≈≈P≈≈≈≈≈≈≈≈≈≈≈≈≈≈≈≈≈≈≈≈
≈≈≈≈≈...≈≈≈≈≈≈≈≈≈≈≈≈≈≈≈≈≈≈≈≈≈≈≈≈≈
≈≈≈≈≈≈≈P≈≈≈≈≈P≈≈≈≈≈≈≈≈≈≈≈≈≈≈≈≈≈≈≈
≈≈≈≈≈≈≈≈≈P≈≈P≈§≈≈§≈≈≈≈≈≈≈≈≈≈≈≈≈≈≈
≈≈≈..≈≈≈≈P...P§§≈≈§≈≈≈≈≈≈≈≈≈≈≈≈≈≈
.....^≈≈≈≈P.###.s≈≈≈≈≈≈≈≈≈≈≈≈≈≈≈≈
.....≈≈≈≈P≈.# ##≈m≈≈≈≈≈≈≈≈≈≈≈≈≈≈≈
##...≈≈≈≈≈P.# #≈≈§≈≈≈≈≈≈≈≈≈≈≈≈≈≈
###..≈≈≈≈≈≈.## #.≈≈≈≈≈≈≈≈≈≈≈≈≈≈≈≈
.##...≈≈≈≈≈..# #..≈≈≈≈≈≈≈≈≈≈≈≈≈≈≈
.##....≈≈≈≈≈.###.≈≈≈≈≈≈≈≈≈≈≈≈≈≈≈≈
# #.≈...≈≈≈≈..#..≈≈≈≈≈≈≈≈≈≈≈≈≈≈≈≈
# #.≈....≈≈≈.....≈≈≈≈≈≈≈≈≈≈≈≈≈≈≈≈
###.≈≈....≈≈≈≈≈...≈≈≈≈..≈≈.≈≈≈≈≈≈


You could see a water nymph.

Vanquished Creatures
  A fire giant (D:15)
  Aizul (Shoals:1)
  The ghost of Norrik the Fencer, a journeyman MiMo of Okawaru (D:15)
  Nessos (D:12)
  A dire elephant (Lair:5)
  The ghost of Kloppie the Grappler, a journeyman TrMo of Okawaru (Lair:3)
  A fire dragon (Volcano)
  8 vault guards (D:13)
  A merfolk aquamancer (Shoals:2)
  8 hydras
  2 merfolk avatars
  Erica (D:8)
  2 centaur warriors (D:15)
  A tengu warrior (D:14)
  11 two-headed ogres
  Urug (D:10)
  A fire crab (Lair:5)
  5 sea snakes
  4 skeletal warriors (D:14)
  3 orc knights
  Pikel (D:7)
  4 harpies
  A wolf spider (D:14)
  8 fauns
  The ghost of matti1234 the Vexing, a novice FoAM of Ru (D:6)
  4 deep elf magi
  2 orc sorcerers (Orc:1)
  5 cyclopes
  11 ugly things
  4 salamanders
  3 merfolk sirens
  6 manticores
  14 elephants
  A water nymph (Shoals:1)
  13 spiny frogs
  A spiny frog (shapeshifter) (D:14)
  A molten gargoyle (Lair:3)
  A gargoyle (D:12)
  6 black mambas
  12 komodo dragons
  5 rime drakes
  2 tengu conjurers
  9 merfolk
  2 queen bees
  2 trolls
  3 meliai
  3 polar bears (Lair:6)
  3 wind drakes (Shoals:1)
  3 hornets
  13 dream sheep
  12 blink frogs
  10 hippogriffs
  5 snapping turtles
  2 wraiths (D:14)
  2 shadows
  7 wyverns
  3 water elementals (Shoals:2)
  48 yaks
  5 basilisks
  2 fire elementals (Lair:3)
  3 hungry ghosts
  9 fire bats
  8 vampire mosquitoes (D:14)
  Edmund (D:6)
  2 steam dragons (Volcano)
  A soldier ant (shapeshifter) (D:14)
  A soldier ant (D:11)
  4 wargs
  4 nagas (Lair:3)
  14 water moccasins
  7 porcupines
  33 orc warriors
  2 eyes of draining
  4 sky beasts
  A phantom (D:4)
  A slave (D:7)
  2 black bears
  A hornet zombie (D:7)
  6 ice beasts
  5 boggarts (D:14)
  14 centaurs
  15 ogres
  17 wolves
  The ghost of Oravi the Insei, an amateur MfTm (D:3)
  17 crocodiles
  2 big kobolds
  18 bullfrogs
  A gnoll sergeant (D:11)
  Blork the orc (D:4)
  2 wyvern skeletons
  5 scorpions
  50 killer bees
  18 wights
  An electric eel (Lair:3)
  2 howler monkeys
  11 crimson imps
  2 lava snakes (Lair:3)
  A wyvern simulacrum (D:14)
  2 centaur zombies
  9 hounds
  A bullfrog zombie (D:7)
  A bullfrog skeleton (D:11)
  4 centaur skeletons
  8 jellies
  9 orc priests
  Crazy Yiuf (D:6)
  A gnoll shaman (D:7)
  Natasha (thrice) (D:4)
  2 iguanas
  11 worker ants
  9 hell rats
  15 orc wizards
  A big kobold zombie (Ossuary)
  2 hound skeletons
  9 mummies
  A howler monkey zombie (D:10)
  A worker ant zombie (D:10)
  12 gnolls
  12 adders
  11 river rats (Lair:2)
  8 shadow imps
  3 oozes
  2 adder zombies
  An adder skeleton (D:8)
  2 worms (D:3)
  A dart slug (D:3)
  6 leopard geckos
  57 orcs
  3 ball pythons
  4 giant cockroaches
  2 gnoll zombies (Ossuary)
  7 goblins
  8 hobgoblins
  2 jackals (D:6)
  24 kobolds
  4 quokkas
  A ball python skeleton (D:4)
  11 bats
  7 frilled lizards
  3 kobold zombies (Ossuary)
  2 orc zombies (Ossuary)
  4 rats
869 creatures vanquished.

Vanquished Creatures (others)
  2 steam dragons (Volcano)
  3 slaves (D:7)
  4 orc warriors
  2 centaurs (Orc:2)
  An ogre (D:7)
  An orc wizard (D:7)
  A gnoll (D:7)
  3 orcs (Orc:2)
  4 kobolds (Bailey)
  A quokka skeleton (D:7)
  A bush (Lair:5)
  10 fungi
  51 plants
  4 tentacles (Shoals:1)
88 creatures vanquished.

Grand Total: 957 creatures vanquished

Notes
Turn   | Place    | Note
-------+----------+-------------------------------------------
     0 | D:1      | Oravi the Merfolk Transmuter began the quest for the Orb.
     0 | D:1      | Reached XP level 1. HP: 15/15 MP: 3/3
   156 | D:1      | Reached XP level 2. HP: 20/21 MP: 3/5
   247 | D:1      | Reached skill level 4 in Unarmed Combat
   276 | D:1      | Reached XP level 3. HP: 21/26 MP: 4/6
   280 | D:1      | Learned a level 2 spell: Sticks to Snakes
   284 | D:1      | Learned a level 3 spell: Spider Form
  1055 | D:2      | Found an ornate altar of the Wu Jian Council.
  1261 | D:2      | Found an opulent altar of Gozag.
  1286 | D:2      | Found a stormy altar of Qazlal.
  1289 | D:2      | Found a glowing golden altar of the Shining One.
  1831 | D:2      | Became a worshipper of Qazlal Stormbringer
  1919 | D:3      | Reached XP level 4. HP: 32/32 MP: 0/7
  1983 | D:3      | Found an iron altar of Okawaru.
  2007 | D:3      | Found a blossoming altar of Fedhas.
  2015 | D:3      | Reached skill level 1 in Poison Magic
  2315 | D:3      | Found a bloodstained altar of Trog.
  2577 | D:3      | Noticed Oravi's ghost (amateur MfTm)
  2914 | D:4      | Reached XP level 5. HP: 36/37 MP: 2/8
  2947 | D:4      | Reached * piety under Qazlal
  2995 | D:4      | Reached skill level 5 in Unarmed Combat
  2995 | D:4      | Reached skill level 5 in Transmutations
  3115 | D:4      | Reached XP level 6. HP: 33/43 MP: 5/9
  3353 | D:4      | Noticed Natasha
  3360 | D:4      | Killed Natasha
  3377 | D:4      | Found a sacrificial altar of Ru.
  3550 | D:4      | Noticed Natasha
  3578 | D:4      | Killed Natasha
  3789 | D:4      | Noticed a phantom
  3840 | D:4      | Killed a phantom
  4071 | D:4      | Noticed Blork the orc
  4079 | D:4      | Killed Blork the orc
  4079 | D:4      | Reached skill level 6 in Unarmed Combat
  4079 | D:4      | Reached XP level 7. HP: 48/48 MP: 6/10
  4233 | D:4      | Learned a level 4 spell: Ice Form
  4257 | D:4      | Noticed Natasha
  4262 | D:4      | Killed Natasha
  4268 | D:5      | Entered Level 5 of the Dungeon
  4792 | D:5      | Found a staircase to the Ecumenical Temple.
  4992 | D:5      | Reached skill level 1 in Ice Magic
  5023 | D:5      | HP: 2/48 [poisoned by a scorpion]
  5031 | D:5      | HP: 2/48 [poisoned by a scorpion]
  5816 | D:5      | Found a white marble altar of Elyvilon.
  5928 | Temple   | Entered the Ecumenical Temple
  6165 | D:6      | Noticed matti1234's ghost (novice FoAM)
  6400 | D:6      | Reached skill level 7 in Unarmed Combat
  6400 | D:6      | Reached XP level 8. HP: 52/54 MP: 7/11
  6421 | D:6      | Noticed Edmund
  6439 | D:6      | Killed Edmund
  6641 | D:6      | Killed matti1234's ghost
  6641 | D:6      | Reached skill level 8 in Unarmed Combat
  6880 | D:6      | Found a runed door.
  6905 | D:6      | Found a radiant altar of Vehumet.
  7234 | D:6      | Reached ** piety under Qazlal
  7321 | D:7      | Reached XP level 9. HP: 51/59 MP: 8/12
  7389 | D:7      | Reached skill level 9 in Unarmed Combat
  7504 | D:7      | Found a shimmering altar of Xom.
  7519 | D:7      | Noticed Pikel
  7530 | D:7      | Killed Pikel
  7530 | D:7      | Reached skill level 10 in Transmutations
  7794 | D:7      | Reached skill level 10 in Unarmed Combat
  7899 | D:7      | Noticed a two-headed ogre
  8748 | D:8      | Noticed a two-headed ogre
  8926 | D:8      | Killed a two-headed ogre
  8926 | D:8      | Reached skill level 11 in Unarmed Combat
  8926 | D:8      | Reached skill level 5 in Ice Magic
  8926 | D:8      | Reached XP level 10. HP: 41/65 MP: 10/13
  8940 | D:8      | Noticed a two-headed ogre
  9125 | D:7      | Killed a two-headed ogre
  9125 | D:7      | Reached skill level 5 in Dodging
  9200 | D:7      | Killed a two-headed ogre
  9200 | D:7      | Reached skill level 12 in Unarmed Combat
  9202 | D:7      | Reached *** piety under Qazlal
  9311 | D:8      | Noticed Erica
  9321 | D:8      | Killed Erica
  9360 | D:8      | Found a sand-covered staircase.
  9373 | Ossuary  | Entered an ossuary
  9788 | D:8      | Reached skill level 13 in Unarmed Combat
  9788 | D:8      | Reached XP level 11. HP: 44/70 MP: 10/14
  9819 | D:8      | Reached **** piety under Qazlal
  9919 | D:8      | Learned a level 5 spell: Blade Hands
 10243 | D:9      | Found a flagged portal.
 10256 | Bailey   | Entered a bailey
 10631 | Bailey   | Found a burning altar of Makhleb.
 10818 | D:9      | Found a staircase to the Lair.
 11088 | D:9      | Found a hazy altar of Hepliaklqana.
 11308 | D:9      | Found an ancient bone altar of Kikubaaqudgha.
 11452 | D:10     | Entered Level 10 of the Dungeon
 11499 | D:10     | Found a staircase to the Orcish Mines.
 11580 | D:10     | Noticed Urug
 11606 | D:10     | Killed Urug
 11625 | D:10     | Reached skill level 14 in Unarmed Combat
 11867 | D:10     | Reached ***** piety under Qazlal
 12621 | D:11     | Noticed a cyclops
 12683 | D:11     | Killed a cyclops
 12759 | D:11     | Noticed a cyclops
 13047 | D:11     | Noticed a two-headed ogre
 13067 | D:10     | Killed a two-headed ogre
 13313 | D:11     | Killed a cyclops
 13313 | D:11     | Reached skill level 10 in Dodging
 13313 | D:11     | Reached XP level 12. HP: 76/76 MP: 12/15
 13377 | D:11     | Reached skill level 15 in Unarmed Combat
 13835 | D:11     | Got a faintly humming cloak
 13838 | D:11     | Found the +4 dagger "Morg" {pain, MR+ Int+5}
 13990 | D:11     | Noticed a two-headed ogre
 14066 | D:11     | Killed a two-headed ogre
 14332 | D:11     | Got a bloodstained scale mail
 14345 | D:11     | Identified the +2 cloak "Cucveacota" {Regen+} (You found it on level 11 of the Dungeon)
 14346 | D:11     | Got a scorched scale mail
 14347 | D:11     | Identified the +1 scale mail "Cobryad" {rElec Int+4} (You took it off a gnoll sergeant on level 11 of the Dungeon)
 14348 | D:11     | Identified the cursed +0 scale mail of the Planets {rF+ rC+} (You found it on level 11 of the Dungeon)
 14517 | D:12     | Noticed Nessos
 14736 | Lair:1   | Entered Level 1 of the Lair of Beasts
 15437 | Lair:2   | Noticed a seven-headed hydra
 15499 | Lair:2   | Killed a seven-headed hydra
 15499 | Lair:2   | Reached skill level 16 in Unarmed Combat
 15564 | Lair:2   | Noticed a seven-headed hydra
 15576 | Lair:2   | Killed a seven-headed hydra
 15891 | Lair:2   | Noticed a seven-headed hydra
 15894 | Lair:2   | Killed a seven-headed hydra
 15894 | Lair:2   | Reached XP level 13. HP: 80/81 MP: 11/16
 16604 | Lair:3   | Reached ****** piety under Qazlal
 16790 | Lair:3   | Noticed Kloppie's ghost (journeyman TrMo)
 16806 | Lair:3   | Killed Kloppie's ghost
 16855 | Lair:3   | Reached skill level 17 in Unarmed Combat
 17041 | Lair:3   | Found a staircase to the Snake Pit.
 17350 | Lair:3   | Reached skill level 1 in Invocations
 17641 | Lair:3   | Got a heavily runed scale mail
 17642 | Lair:3   | Identified the cursed +1 scale mail "Veefa" {*Drain rElec MR+} (You found it on level 3 of the Lair of Beasts)
 17901 | Lair:3   | Found a staircase to the Shoals.
 18366 | Lair:4   | Found a dark tunnel.
 18410 | Volcano  | Entered a volcano
 18677 | Volcano  | Reached XP level 14. HP: 96/96 MP: 13/17
 19906 | Lair:5   | Reached skill level 5 in Fighting
 19920 | Lair:5   | Reached skill level 18 in Unarmed Combat
 20642 | Lair:5   | Found a staircase to the Slime Pits.
 21025 | D:3      | Killed Oravi's ghost
 21117 | D:6      | Noticed Crazy Yiuf
 21118 | D:6      | Killed Crazy Yiuf
 21979 | D:12     | Killed Nessos
 22718 | D:13     | Reached skill level 15 in Dodging
 22772 | D:13     | Found a gate to the Vaults.
 22819 | D:13     | Reached skill level 5 in Invocations
 23409 | D:14     | Reached skill level 19 in Unarmed Combat
 23665 | D:14     | Reached XP level 15. HP: 107/107 MP: 16/19
 24117 | D:15     | Entered Level 15 of the Dungeon
 24658 | D:15     | Noticed Norrik's ghost (journeyman MiMo)
 24672 | D:15     | Killed Norrik's ghost
 24984 | D:15     | Found a staircase to the Depths.
 25115 | D:15     | Noticed a fire giant
 25173 | D:15     | Killed a fire giant
 25591 | Lair:6   | Entered Level 6 of the Lair of Beasts
 26779 | Lair:6   | Reached XP level 16. HP: 113/113 MP: 9/22
 28301 | D:10     | Learned a level 6 spell: Hydra Form
 28303 | Orc:1    | Entered Level 1 of the Orcish Mines
 28347 | D:10     | Reached skill level 20 in Unarmed Combat
 28881 | Orc:2    | Entered Level 2 of the Orcish Mines
 29056 | Orc:2    | Reached skill level 10 in Invocations
 29190 | Orc:2    | Found a staircase to the Elven Halls.
 29400 | Orc:2    | Found Umemin's Magic Scroll Emporium.
 29565 | Orc:2    | Found Bioxkas's Book Emporium.
 29565 | Orc:2    | Found Ogee's Book Shop.
 29565 | Orc:2    | Found Qalustrawk's Weapon Boutique.
 29568 | Orc:2    | Found Feesh's Food Shoppe.
 29596 | Orc:2    | Bought a book of Frost for 560 gold pieces
 29745 | Shoals:1 | Entered Level 1 of the Shoals
 30055 | Lair:3   | Learned a level 3 spell: Ozocubu's Armour
 30062 | Shoals:1 | Noticed Aizul
 30076 | Shoals:1 | Killed Aizul
 30110 | Shoals:1 | Reached skill level 1 in Charms
 30134 | Shoals:1 | Noticed a kraken
 30811 | Shoals:2 | Found Haysesaw's Magic Scroll Emporium.
 30858 | Shoals:1 | Killed from afar by a water nymph

Skill      XL: |  1  2  3  4  5  6  7  8  9 10 11 12 13 14 15 16 |
---------------+-------------------------------------------------+-----
Transmutations | 3 4 5 6 7 9 10 11 12 14 | 14.0
Unarmed Combat | 4 5 6 7 8 11 13 14 16 17 19 20 | 20.0
Poison Magic   | 1 2 3 |  3.0
Ice Magic      | 2 3 5 6 |  6.0
Dodging        | 4 7 10 12 14 15 16 17 | 17.5
Fighting       | 4 6 |  6.9
Invocations    | 3 5 9 10 | 10.8
Spellcasting   | 3 |  3.0
Charms         | 2 |  2.9

Action                   |  1- 3 |  4- 6 |  7- 9 | 10-12 | 13-15 | 16-18 || total
-------------------------+-------+-------+-------+-------+-------+-------++-------
Melee: Unarmed           |    85 |   109 |   247 |   732 |   957 |   355 ||  2485
       Headbutt          |     6 |       |       |       |       |       ||     6
       Staff             |       |    19 |     6 |     1 |    15 |     3 ||    44
       Punch             |       |       |       |       |    29 |       ||    29
Throw: Stone             |       |       |     4 |       |       |       ||     4
       Tomahawk          |       |       |       |     9 |       |       ||     9
 Cast: Beastly Appendage |     9 |       |       |       |       |       ||     9
       Spider Form       |    14 |    24 |    32 |    50 |    30 |    10 ||   160
       Sticks to Snakes  |       |       |     4 |       |       |       ||     4
       Ice Form          |       |       |       |    10 |    24 |     9 ||    43
       Blade Hands       |       |       |       |       |    46 |     1 ||    47
       Ozocubu's Armour  |       |       |       |       |       |     5 ||     5
       Hydra Form        |       |       |       |       |       |     3 ||     3
Invok: Upheaval          |       |       |       |       |    10 |    11 ||    21
 Abil: End Transformatio |       |       |       |     3 |    12 |     2 ||    17
       Evoke Flight      |       |       |       |       |     3 |       ||     3
Evoke: Lightning rod     |       |       |       |     3 |       |       ||     3
  Use: Scroll            |     5 |     1 |    11 |    13 |     6 |     5 ||    41
       Potion            |       |       |     2 |     5 |     2 |     6 ||    15
 Stab: Sleeping          |     3 |     4 |       |       |       |       ||     7
  Eat: Chunk             |     4 |    12 |     9 |    30 |    48 |     5 ||   108
       Ration            |       |       |     3 |     1 |     4 |     2 ||    10
Armor: Robe              |     8 |    10 |     4 |     4 |       |       ||    26
       Skin              |       |     3 |     8 |    35 |    49 |    35 ||   130
       Leather armour    |       |       |       |       |    91 |    16 ||   107
Dodge: Dodged            |    68 |    93 |   158 |   523 |   652 |   347 ||  1841
       Deflected         |       |       |       |    10 |    12 |    31 ||    53
Block: Other             |       |       |    27 |   234 |   394 |   187 ||   842
       Reflection        |       |       |       |    31 |    19 |    54 ||   104
